 Dungeon Crawl Stone Soup version 0.30-b1-2-g02819fbbbe (webtiles) character file.

Game seed: 12859808668415152229

10990 MisterFreud the Nimble (level 11, 0/126 HPs)
             Began as a Gnoll Wanderer on Aug 24, 2023.
             Was a Follower of Yredelemnul.
             Slain by an orc
             ... wielding a +0 trident
              (5 damage)
             ... on level 9 of the Dungeon.
             The game lasted 00:20:11 (11792 turns).

MisterFreud the Nimble (Gnoll Wanderer)            Turns: 11792, Time: 00:20:12

Health: 0/126      AC: 25    Str: 13    XL:     11   Next: 70%
Magic:  22/22      EV:  2    Int: 14    God:    Yredelemnul [*.....]
Gold:   611        SH:  0    Dex: 18    Spells: 24/24 levels left

rFire   . . .        I - +1 dagger (elec)
rCold   . . .        (no shield)
rNeg    . . .        b - melded +2 leather armour
rPois   +            o - melded +1 helmet
rElec   .            (cloak currently unavailable)
rCorr   .            x - melded +1 pair of gloves
SInv    .            (boots currently unavailable)
Will    .....        (no amulet)
Stlth   ++++         r - +6 ring of dexterity
HPRegen 0.41/turn    F - +5 ring of evasion
MPRegen 0.18/turn

%: no passive effects
@: tree-form
A: stationary, stasis, torment immunity, boosted hp, (fangs 1), strong nose,
distributed training
a: Renounce Religion, Recall Undead Harvest


You were on level 9 of the Dungeon.
You worshipped Yredelemnul.
Yredelemnul was noncommittal.
You were a tree.
You visited 2 branches of the dungeon, and saw 10 of its levels.
You also visited: Sewer and Ossuary.

You collected 611 gold pieces.

Inventory:

Hand Weapons
 a - a +0 mace
 d - a +0 dagger
 f - a +3 dagger of venom
 C - a +0 quarterstaff
 G - a +1 trident of flaming
 I - a +1 dagger of electrocution (weapon)
Missiles
 c - 66 poisoned darts (quivered)
 l - 8 boomerangs
 q - 2 curare-tipped darts
 A - a throwing net
Armour
 b - a +2 leather armour (melded)
 o - a +1 helmet (melded)
 x - a +1 pair of gloves (melded)
Jewellery
 r - a +6 ring of dexterity (left branch)
 F - a +5 ring of evasion (right branch)
 L - a ring of poison resistance
Wands
 n - a wand of mindburst (12)
 u - a wand of roots (20)
 z - a wand of polymorph (10)
Scrolls
 m - 4 scrolls of teleportation
 p - 3 scrolls of amnesia
 t - 4 scrolls of enchant armour
 v - 3 scrolls of blinking
 y - a scroll of fog
 B - a scroll of enchant weapon
 J - 2 scrolls of identify
 K - a scroll of noise {unknown}
Potions
 e - 2 potions of lignification
 g - 2 potions of flight
 h - 5 potions of might
 j - 2 potions of resistance
 k - 5 potions of attraction
 s - 3 potions of brilliance
 D - 2 potions of haste {unknown}
 E - a potion of cancellation
 H - a potion of mutation {unknown}


   Skills:
 + Level 7.3 Fighting
 + Level 6.8 Short Blades
 + Level 6.8 Long Blades
 + Level 6.8 Axes
 + Level 7.3 Maces & Flails
 + Level 6.8 Polearms
 + Level 6.8 Staves
 + Level 6.8 Ranged Weapons
 + Level 7.3 Throwing
 + Level 8.3 Armour
 + Level 10.9 Dodging
 + Level 6.8 Stealth
 + Level 6.8 Shields
 + Level 6.8 Unarmed Combat
 + Level 7.4 Spellcasting
 + Level 5.6 Conjurations
 + Level 5.6 Hexes
 + Level 5.6 Summonings
 + Level 5.6 Necromancy
 + Level 5.6 Translocations
 + Level 5.6 Transmutations
 + Level 5.6 Fire Magic
 + Level 5.6 Ice Magic
 + Level 5.6 Air Magic
 + Level 5.6 Earth Magic
 + Level 5.6 Poison Magic
 + Level 7.4 Invocations
 + Level 6.8 Evocations


You had 24 spell levels left.
You didn't know any spells.
Your spell library contained the following spells:

 Spells                   Type           Power      Damage    Failure   Level
 Lesser Beckoning         Tloc           42%        N/A       1%          2
 Gell's Gravitas          Tloc           21%        N/A       4%          3
 Teleport Other           Tloc           21%        N/A       4%          3
 Vhi's Electric Charge    Tloc/Air       42%        N/A       4%          3
 Arcjolt                  Conj/Air       10%        1d20      36%         5
 Plasma Beam              Fire/Air       10%        2x1d23    90%         6


Dungeon Overview and Level Annotations

Branches:
Dungeon (9/15)             Temple (1/1) D:7            Lair (0/5) D:8
  Sewer (visited)         Ossuary (visited)
    Orc: D:9-12

Altars:
Ashenzari
Cheibriados
Dithmenos
Fedhas
Gozag
Hepliaklqana
Kikubaaqudgha
Makhleb
Nemelex Xobeh
Okawaru
Qazlal
Sif Muna
Trog
Uskayaw
Vehumet
Wu Jian
Xom
Yredelemnul
Zin
The Shining One


Innate Abilities, Weirdness & Mutations

You are a tree.
Your roots penetrate the ground, keeping you stationary.
You cannot be teleported.
You are immune to unholy pain and torment.
Your maximum health is greatly increased.
Your equipment is partially melded.
((You have very sharp teeth.))
Your uncanny sense of smell can sniff out nearby items.
Your experience applies equally to all skills.


Message History

Press: ? - help, Shift-Dir - straight line, f/p - tengu
Aim: a tengu (chance to affect: 85%)
The tengu's mind is blasted!
The tengu barely misses you. The tengu pecks you but does no damage.
The tengu claws you but does no damage. The yak gores you!
* * * LOW HITPOINT WARNING * * *
Unknown command.
Aiming: Mindburst
Press: ? - help, Shift-Dir - straight line, f/p - tengu
Aim: a tengu (severely wounded, chance to affect: 85%)
The tengu's mind is blasted!!
You blow up the tengu!
The yak gores you but does no damage.
Unknown command.
Unknown command.
You feel better. The yak gores you.
* * * LOW HITPOINT WARNING * * *
The orc hits you but does no damage.
You hit the yak but do no damage. Lightning courses through the yak!
The yak is almost dead.
You completely miss the yak.
The yak is almost dead.
The orc hits you but does no damage. The yak gores you!
* * * LOW HITPOINT WARNING * * *
The orc barely misses you.
You hit the yak but do no damage.
The yak is almost dead.
The orc hits you but does no damage. x2; The yak gores you but does no damage.
You barely miss the yak. You punch the yak.
The yak is almost dead.
Okay, then.
Unknown command.
Unknown command.
You hit the yak.
You kill the yak!
The dead are walking!
The orc hits you with a +0 dagger.
* * * LOW HITPOINT WARNING * * *
The orc hits you from afar with a +0 trident.
You die...
Your body rises from the dead as a mindless zombie.

###+#######
#.........#
#......<..'
#.....Y...#
#......Y.)#
#.........#
#........Z#
########'## #oo♣Y.#
###o#######
#....o....#
#...oo....#
#......l..#
#.........# ##
#.........####8## ##
#..<......'.#.Z.#...#
#......[..#..oo.o....


You could see a yak (ally target), 3 orcs and a friendly yak zombie.

Vanquished Creatures
  Gastronok (D:8)
  A two-headed ogre (D:9)
  Pikel (D:7)
  A manticore (D:7)
  Maurice (D:8)
  Joseph (D:7)
  A hornet (D:8)
  3 yaks
  A steam dragon (D:6)
  Eustachio (D:5)
  A water moccasin (D:5)
  A hornet zombie (D:7)
  7 ice beasts
  9 orc warriors
  A sky beast (D:7)
  A black bear (D:5)
  A tengu (D:9)
  4 wolves
  2 centaurs (D:7)
  2 phantoms (D:6)
  Blork the orc (D:6)
  6 kobold brigands
  2 elf zombies (D:6)
  5 scorpions
  4 bullfrogs
  9 wights (D:7)
  A killer bee (D:7)
  2 electric eels (D:7)
  A human zombie (D:6)
  2 centaur zombies (D:7)
  3 hounds
  10 orc priests
  2 gnoll boudas
  A human skeleton (D:6)
  2 sleepcaps
  An iguana (D:4)
  11 orc wizards
  3 killer bee zombies (D:7)
  2 mummies (Ossuary)
  12 gnolls
  7 adders
  3 white imps
  2 ufetubi
  5 adder zombies (Ossuary)
  A dart slug (D:4)
  28 orcs
  A ball python (Sewer)
  3 endoplasms
  10 giant cockroaches
  4 gnoll zombies (Ossuary)
  6 goblins
  2 hobgoblins
  4 jackals (D:4)
  6 quokkas
  4 bats
  7 frilled lizards
  5 hobgoblin zombies (Ossuary)
  30 kobolds
  3 kobold zombies (Ossuary)
  An orc skeleton (D:6)
  9 orc zombies
  7 rats
269 creatures vanquished.

Vanquished Creatures (collateral kills)
  A hydra (D:8)
  A rime drake (D:8)
  A steam dragon (D:8)
  2 water moccasins
  2 ice beasts
  A bullfrog (D:8)
  An orc wizard (D:8)
  2 kobolds (D:8)
11 creatures vanquished.

Vanquished Creatures (others)
  A two-headed ogre zombie (D:9)
  2 wolf zombies (D:8)
  A bullfrog zombie (D:7)
  2 centaur zombies (D:7)
  A kobold zombie (D:8)
  15 orc zombies
  3 plants (Sewer)
  3 withered plants (D:7)
28 creatures vanquished.

Grand Total: 308 creatures vanquished

Notes
Turn   | Place    | Note
-------+----------+-------------------------------------------
     0 | D:1      | MisterFreud the Gnoll Wanderer began the quest for the Orb.
     0 | D:1      | MisterFreud set off with the following items: a +0 mace, a
                  | +2 leather armour, 10 poisoned darts, a +0 dagger, a potion
                  | of lignification.
     0 | D:1      | Reached XP level 1. HP: 17/17 MP: 4/4
   351 | D:1      | Reached XP level 2. HP: 11/23 MP: 5/5
  1484 | D:2      | Found a broken altar of Ashenzari.
  1883 | D:3      | Reached XP level 3. HP: 20/28 MP: 7/7
  1928 | D:3      | Reached skill level 1 in Invocations
  1971 | D:3      | Noticed a scorpion
  1978 | D:3      | Killed a scorpion
  1979 | D:3      | Reached skill level 1 in Short Blades
  1979 | D:3      | Reached skill level 1 in Long Blades
  1979 | D:3      | Reached skill level 1 in Axes
  1979 | D:3      | Reached skill level 1 in Polearms
  1979 | D:3      | Reached skill level 1 in Staves
  1979 | D:3      | Reached skill level 1 in Ranged Weapons
  1979 | D:3      | Reached skill level 1 in Stealth
  1979 | D:3      | Reached skill level 1 in Shields
  1979 | D:3      | Reached skill level 1 in Unarmed Combat
  1979 | D:3      | Reached skill level 1 in Conjurations
  1979 | D:3      | Reached skill level 1 in Hexes
  1979 | D:3      | Reached skill level 1 in Summonings
  1979 | D:3      | Reached skill level 1 in Necromancy
  1979 | D:3      | Reached skill level 1 in Translocations
  1979 | D:3      | Reached skill level 1 in Transmutations
  1979 | D:3      | Reached skill level 1 in Fire Magic
  1979 | D:3      | Reached skill level 1 in Ice Magic
  1979 | D:3      | Reached skill level 1 in Air Magic
  1979 | D:3      | Reached skill level 1 in Earth Magic
  1979 | D:3      | Reached skill level 1 in Poison Magic
  1979 | D:3      | Reached skill level 1 in Evocations
  1979 | D:3      | Reached XP level 4. HP: 34/34 MP: 8/8
  2077 | D:3      | Found a glowing drain.
  2096 | D:3      | Reached XP level 5. HP: 40/40 MP: 9/9
  2099 | Sewer    | Entered a sewer
  2151 | Sewer    | Noticed a kobold brigand
  2157 | Sewer    | Killed a kobold brigand
  2261 | Sewer    | Noticed a kobold brigand
  2286 | Sewer    | Killed a kobold brigand
  2287 | Sewer    | Reached skill level 5 in Armour
  2287 | Sewer    | Reached XP level 6. HP: 21/47 MP: 9/11
  2747 | D:3      | Found a radiant altar of Vehumet.
  3181 | D:4      | Reached XP level 7. HP: 52/52 MP: 12/12
  3447 | D:5      | Entered Level 5 of the Dungeon
  3792 | D:5      | Reached skill level 9 in Dodging
  3807 | D:5      | Noticed Eustachio
  3858 | D:5      | Killed Eustachio
  3859 | D:5      | Reached XP level 8. HP: 18/60 MP: 14/14
  4698 | D:5      | Found an iron altar of Okawaru.
  4718 | D:5      | Found an ornate altar of the Wu Jian Council.
  5181 | D:6      | Noticed Blork the orc
  5194 | D:6      | Killed Blork the orc
  5465 | D:6      | Reached XP level 9. HP: 66/66 MP: 16/16
  5500 | D:6      | Found a sand-covered staircase.
  5539 | D:6      | Reached skill level 5 in Spellcasting
  5542 | Ossuary  | Entered an ossuary
  5955 | D:6      | Reached skill level 5 in Fighting
  5955 | D:6      | Reached skill level 5 in Maces & Flails
  5955 | D:6      | Reached skill level 5 in Throwing
  6668 | D:7      | Found a staircase to the Ecumenical Temple.
  6674 | D:7      | Noticed Joseph
  6701 | D:7      | Killed Joseph
  6702 | D:7      | Reached skill level 5 in Invocations
  6877 | Temple   | Entered the Ecumenical Temple
  7025 | Temple   | Became a worshipper of Yredelemnul the Dark
  7468 | D:7      | Found a bloodstained altar of Trog.
  7485 | D:7      | Reached skill level 5 in Short Blades
  7485 | D:7      | Reached skill level 5 in Long Blades
  7485 | D:7      | Reached skill level 5 in Axes
  7485 | D:7      | Reached skill level 5 in Polearms
  7485 | D:7      | Reached skill level 5 in Staves
  7485 | D:7      | Reached skill level 5 in Ranged Weapons
  7485 | D:7      | Reached skill level 5 in Stealth
  7485 | D:7      | Reached skill level 5 in Shields
  7485 | D:7      | Reached skill level 5 in Unarmed Combat
  7485 | D:7      | Reached skill level 5 in Evocations
  7485 | D:7      | Reached XP level 10. HP: 76/76 MP: 18/18
  7522 | D:7      | Reached skill level 10 in Dodging
  7538 | D:7      | Reached * piety under Yredelemnul
  7582 | D:7      | Reached ** piety under Yredelemnul
  8129 | D:7      | Found a glowing silver altar of Zin.
  8622 | D:7      | Found a snail-covered altar of Cheibriados.
  8667 | D:7      | Noticed Pikel
  8688 | D:7      | Killed Pikel
  9259 | D:7      | Noticed a manticore
  9281 | D:7      | Killed a manticore
 10246 | D:8      | Reached skill level 5 in Conjurations
 10246 | D:8      | Reached skill level 5 in Hexes
 10246 | D:8      | Reached skill level 5 in Summonings
 10246 | D:8      | Reached skill level 5 in Necromancy
 10246 | D:8      | Reached skill level 5 in Translocations
 10246 | D:8      | Reached skill level 5 in Transmutations
 10246 | D:8      | Reached skill level 5 in Fire Magic
 10246 | D:8      | Reached skill level 5 in Ice Magic
 10246 | D:8      | Reached skill level 5 in Air Magic
 10246 | D:8      | Reached skill level 5 in Earth Magic
 10246 | D:8      | Reached skill level 5 in Poison Magic
 10246 | D:8      | Reached XP level 11. HP: 49/83 MP: 21/21
 10545 | D:8      | Found a staircase to the Lair.
 10595 | D:8      | Noticed Gastronok
 10611 | D:8      | Killed Gastronok
 10901 | D:8      | Reached *** piety under Yredelemnul
 11022 | D:8      | Noticed a seven-headed hydra
 11027 | D:8      | Killed a seven-headed hydra
 11098 | D:8      | Reached **** piety under Yredelemnul
 11133 | D:8      | Noticed Maurice
 11154 | D:8      | Killed Maurice
 11485 | D:9      | Noticed a two-headed ogre
 11499 | D:9      | Killed a two-headed ogre
 11780 | D:9      | HP: 6/126 [yak (4)]
 11785 | D:9      | HP: 5/126 [yak (9)]
 11792 | D:9      | HP: 5/126 [orc/+0 dagger (1)]
 11792 | D:9      | Slain by an orc

Illustrated notes

Levels and vault maps discovered:
D:1:      heliophobic_arrival_glass_houses, layout_basic, supply_closet_lemuel
D:2:      layout_loops_ring, basic_altar, minmay_pentomino_p4
D:3:      layout_rooms, nicolae_vehumet_radiance, gup_sewer_entry_pipe
D:4:      layout_rooms
D:5:      layout_basic, mainiacjoe_overflow_swirl, uniq_eustachio
D:6:      layout_cave_pools, nicolae_ossuary_entry_catacombs, uniq_blork_the_orc
D:7:      nzn_winding_woodlands_small [nzn_winding_woodlands_5x15_pockets,
          nzn_winding_woodlands_center_diamonds,
          nzn_winding_woodlands_5x15_longhouse], layout_basic,
          lemuel_crystal_altar, zin_treasury, mainiacjoe_overflow_boulevard,
          minmay_temple_entry_glassed_door, serial_undead, serial_undead_e,
          serial_undead_d, serial_undead_f, serial_undead_f, serial_undead_f,
          nicolae_titane, uniq_pikel, uniq_joseph
D:8:      layout_cave_pools, hellmonk_lair_entry_icy, corexii_hall_statues_s,
          minmay_small_thing, uniq_maurice, uniq_gastronok
D:9:      layout_roguey, david_orc_4, nicolae_diode_basic, uniq_amaemon,
          uniq_erica
Temple:   nicolae_temple_bog_church

Skill      XL: |  1  2  3  4  5  6  7  8  9 10 11 |
---------------+----------------------------------+-----
Invocations    | 1 2 3 4 5 6 7 |  7.4
Short Blades   | 1 2 3 5 6 |  6.8
Long Blades    | 1 2 3 5 6 |  6.8
Axes           | 1 2 3 5 6 |  6.8
Polearms       | 1 2 3 5 6 |  6.8
Staves         | 1 2 3 5 6 |  6.8
Ranged Weapons | 1 2 3 5 6 |  6.8
Stealth        | 1 2 3 5 6 |  6.8
Shields        | 1 2 3 5 6 |  6.8
Unarmed Combat | 1 2 3 5 6 |  6.8
Spellcasting   | 3 4 5 6 7 |  7.4
Conjurations   | 1 2 3 4 5 |  5.6
Hexes          | 1 2 3 4 5 |  5.6
Summonings     | 1 2 3 4 5 |  5.6
Necromancy     | 1 2 3 4 5 |  5.6
Translocations | 1 2 3 4 5 |  5.6
Transmutations | 1 2 3 4 5 |  5.6
Fire Magic     | 1 2 3 4 5 |  5.6
Ice Magic      | 1 2 3 4 5 |  5.6
Air Magic      | 1 2 3 4 5 |  5.6
Earth Magic    | 1 2 3 4 5 |  5.6
Poison Magic   | 1 2 3 4 5 |  5.6
Evocations     | 1 2 3 5 6 |  6.8
Fighting       | 3 4 5 6 7 |  7.3
Maces & Flails | 3 4 5 6 7 |  7.3
Throwing       | 3 4 5 6 7 |  7.3
Armour         | 5 6 7 8 |  8.3
Dodging        | 9 10 | 10.9

Action                     |  1- 3 |  4- 6 |  7- 9 | 10-12 || total
---------------------------+-------+-------+-------+-------++-------
  Melee: Dagger            |    87 |   198 |   716 |   695 ||  1696
         Mace              |    11 |       |       |       ||    11
         Bite              |    11 |    15 |   112 |    90 ||   228
         Punch             |       |     3 |    23 |    41 ||    67
  Evoke: Wand              |       |       |     2 |    10 ||    12
    Use: Scroll            |     7 |     6 |     3 |     1 ||    17
         Potion            |       |       |     1 |     8 ||     9
   Stab: Sleeping          |       |     3 |     7 |     4 ||    14
         Distracted        |       |       |       |     3 ||     3
 Armour: Leather armour    |    49 |    74 |   169 |   160 ||   452
         Skin              |       |       |       |    36 ||    36
  Dodge: Dodged            |   107 |   217 |   448 |   565 ||  1337
